 Dungeon Crawl Stone Soup version 0.29-a0-380-gf50f0a9fbc (webtiles) character file.

Game seed: 6079868702361275419

53 jlumianski the Skirmisher (level 3, -4/29 HPs)
             Began as a Demonspawn Fighter on May 6, 2022.
             Killed from afar by Ijyb (10 damage)
             ... with a puff of flame
             ... on level 3 of the Dungeon.
             The game lasted 00:04:49 (2072 turns).

jlumianski the Skirmisher (Demonspawn Fighter)      Turns: 2072, Time: 00:04:50

Health: -4/29      AC:  8    Str: 18    XL:     3   Next: 64%
Magic:  12/12      EV:  9    Int:  9    God:
Gold:   70         SH:  4    Dex: 12    Spells: 2/2 levels left

rFire   . . .      SeeInvis .   a - +0 war axe
rCold   . . .      Faith    .   c - +0 buckler
rNeg    . . .      Spirit   .   b - +0 scale mail
rPois   .          Reflect  .   (no helmet)
rElec   .          Harm     .   (no cloak)
rCorr   .          Rampage  .   (no gloves)
Will    .....                   (no boots)
Stlth   ..........              (no amulet)
HPRegen 0.09/turn               h - ring of magical power
MPRegen 0.13/turn               (no ring)

@: no status effects
A: slimy green scales 1
a: no special abilities


You were on level 3 of the Dungeon.
You visited 1 branch of the dungeon, and saw 3 of its levels.

You collected 70 gold pieces.

Inventory:

Hand Weapons
 a - a +0 war axe (weapon)
Missiles
 g - 32 stones (quivered)
Armour
 b - a +0 scale mail (worn)
 c - a +0 buckler (worn)
Jewellery
 h - a ring of magical power (left hand)
Scrolls
 e - a scroll of fog
Potions
 d - a potion of might
 f - a potion of magic
 i - a potion of haste {unknown}
 j - a potion of mutation {unknown}


   Skills:
 + Level 3.2 Fighting
 + Level 2.5 Axes
 + Level 3.2 Armour
 + Level 0.1 Dodging
 + Level 0.2 Stealth
 + Level 3.0 Shields


You had 2 spell levels left.
You didn't know any spells.
Your spell library was empty.

Dungeon Overview and Level Annotations

Branches:
Dungeon (3/15)

Altars:

Shops:
D:1 **:*

Annotations:
D:3 Ijyb


Innate Abilities, Weirdness & Mutations

You are partially covered in slimy green scales. (AC +2)


Message History

Ijyb zaps a wand.
The puff of flame misses you.
There is a stone staircase leading up here.
Ijyb zaps a wand.
The puff of flame hits you.
You climb upwards.
There is a stone staircase leading down here.
You climb downwards.
Level annotation: Ijyb
There is a stone staircase leading up here.
Ijyb zaps a wand.
The puff of flame hits you.
You barely miss Ijyb. Ijyb hits you with a +0 dagger.
You closely miss Ijyb. You block Ijyb's attack.
You slash Ijyb!
Ijyb is heavily wounded.
Ijyb closely misses you. Ijyb hits you but does no damage.
You hit Ijyb but do no damage.
Ijyb is heavily wounded.
Ijyb hits you with a +0 dagger.
You barely miss Ijyb.
Ijyb is heavily wounded.
Ijyb hits you with a +0 dagger.
You hit Ijyb but do no damage.
Ijyb is heavily wounded.
Ijyb hits you with a +0 dagger. Ijyb hits you but does no damage.
You hit Ijyb but do no damage.
Ijyb is heavily wounded.
You block Ijyb's attack.
You hit Ijyb.
Ijyb is heavily wounded.
You block Ijyb's attack.
Ijyb zaps a wand.
The puff of flame hits you!
* * * LOW HITPOINT WARNING * * *
You hit Ijyb.
Ijyb is severely wounded.
Ijyb hits you but does no damage.
You closely miss Ijyb.
Ijyb is severely wounded.
Ijyb completely misses you.
You closely miss Ijyb.
Ijyb is severely wounded.
Ijyb hits you but does no damage.
Ijyb zaps a wand.
The puff of flame hits you!
You die...

#############
#.........#.###########.
#.#.#####....#......g...
#.#.#####......########.
#.....<.@g.....#
#.#.#####.#.#### #.#.#
..#.# ...#+# ####. . .


You could see Ijyb.

Vanquished Creatures
  An adder (D:2)
  A worm (D:2)
  A ball python (D:1)
  2 endoplasms (D:1)
  2 giant cockroaches
  4 goblins
  4 hobgoblins
  4 jackals (D:2)
  A kobold (D:2)
  5 quokkas
  4 bats
  3 frilled lizards (D:2)
  5 rats
37 creatures vanquished.

Notes
Turn   | Place    | Note
-------+----------+-------------------------------------------
     0 | D:1      | jlumianski the Demonspawn Fighter began the quest for the
                  | Orb.
     0 | D:1      | Reached XP level 1. HP: 18/18 MP: 1/1
   100 | D:1      | Found Omeral's General Store.
   131 | D:1      | Found Zacux's Book Boutique.
   197 | D:1      | Found Uceul's Assorted Antiques.
   356 | D:1      | Gained mutation: You are partially covered in slimy green
                  | scales. (AC +2) [demonic ancestry]
   356 | D:1      | Reached XP level 2. HP: 14/24 MP: 2/2
   636 | D:1      | Found Nurchyir's Assorted Antiques.
  1441 | D:2      | Reached XP level 3. HP: 25/29 MP: 3/3
  2006 | D:3      | Noticed Ijyb
  2072 | D:3      | Killed from afar by Ijyb

Illustrated notes

Levels and vault maps discovered:
D:1:      dpeg_arrival_long_road, layout_loops_ring, serial_shops, shop,
          nicolae_shop_window_shopping, nicolae_shop_waterfront,
          nicolae_shop_statue_plus, nicolae_figureground_sparkle
D:2:      layout_loops_corners
D:3:      layout_loops_corners, shapermc_ecumenical_altar_starsandcircs,
          uniq_ijyb

Skill      XL: |  1  2 |
---------------+-------+-----
Axes           | 2 |  2.5
Shields        | 3 |  3.0
Armour         | 3 |  3.2
Fighting       | |  3.2
Dodging        | |  0.1
Stealth        | |  0.2

Action                   || total
-------------------------++-------
Melee: War axe           ||   109
Throw: Stone             ||     1
  Use: Scroll            ||     6
Armor: Scale mail        ||    69
Dodge: Dodged            ||    55
Block: Buckler           ||    38

Table legend: (Time is in decaauts)
 A = Elapsed time spent in this place.
 B = Non-inter-level travel time spent in this place.
 C = Inter-level travel time spent in this place.
 D = Time resting spent in this place.
 E = Time spent auto-exploring this place.
 F = Levels seen in this place.
 G = Mean time per level.
                   A        B        C        D        E       F      G
               +--------+--------+--------+--------+--------+-----+--------+
         Total |   2119 |   2103 |     16 |      0 |   1538 |   3 |  706.3 |
       Dungeon |   2119 |   2103 |     16 |      0 |   1538 |   3 |  706.3 |
               +--------+--------+--------+--------+--------+-----+--------+

Top non-repeatable levels by time:
     D:2: 1035 daAuts
     D:1: 1035 daAuts
     D:3: 49 daAuts
